 Dungeon Crawl Stone Soup version 0.31-a0-955-gcb8bc90ed4 (webtiles) character file.

Game seed: 16508968846146412977

501 Teniq the Cleaver (level 6, -1/52 HPs)
             Began as a Minotaur Berserker on Oct 22, 2023.
             Was a Priest of Trog.
             Slain by a sleepcap (6 damage)
             ... on level 4 of the Dungeon on Oct 27, 2023.
             The game lasted 00:19:14 (2826 turns).

Teniq the Cleaver (Minotaur Berserker)              Turns: 2826, Time: 00:19:16

Health: -1/52      AC:  8    Str: 24    XL:     6   Next: 95%
Magic:  0/5        EV: 10    Int:  4    God:    Trog [***...]
Gold:   182        SH:  0    Dex:  9    Spells: 5/5 levels left

rFire   + . .        a - +0 hand axe
rCold   . . .        (no shield)
rNeg    . . .        p - +2 scale mail of the Other Side {Stlth+}
rPois   .            (helmet restricted)
rElec   .            (no cloak)
rCorr   .            (no gloves)
SInv    .            (no boots)
Will    .....        t - amulet of guardian spirit
Stlth   +            u - ring of protection from fire
HPRegen 0.28/turn    (no ring)
MPRegen 0.09/turn

%: guardian spirit
@: mighty
A: horns 2, retaliatory headbutt
a: Renounce Religion, Berserk, Trog's Hand


You were on level 4 of the Dungeon.
You worshipped Trog.
Trog was most pleased with you.
You visited 1 branch of the dungeon, and saw 4 of its levels.

You collected 182 gold pieces.

Inventory:

Hand Weapons
 a - a +0 hand axe (weapon)
 d - a +0 dagger
 v - a +0 shortbow
 x - a +2 short sword of protection
Missiles
 c - 14 stones
 e - 3 poisoned darts (quivered)
 h - 7 boomerangs
Armour
 b - a +0 animal skin
 p - the +2 scale mail of the Other Side (worn) {Stlth+}
   (You found it on level 3 of the Dungeon)

   Stlth+:    It makes you more stealthy.
 w - the +2 helmet of Least Resistance {+Blink rC- Regen+ Int-2}
   (You found it on level 4 of the Dungeon)

   Int-2:     It affects your intelligence (-2).
   rC-:       It makes you vulnerable to cold.
   +Blink:    It lets you blink.
   Regen+:    It increases your rate of health regeneration.
Jewellery
 t - an amulet of guardian spirit (around neck)
 u - a ring of protection from fire (left hand)
Wands
 o - a wand of mindburst (20)
Scrolls
 k - 2 scrolls of identify {unknown}
 l - a scroll of poison {unknown}
 m - a scroll of brand weapon {unknown}
 n - 4 scrolls of teleportation {unknown}
 q - a scroll of vulnerability {unknown}
Potions
 f - 2 potions of invisibility {unknown}
 g - 2 potions of heal wounds {unknown}
 i - 2 potions of brilliance {unknown}
 j - a potion of lignification {unknown}
 s - a potion of enlightenment {unknown}


   Skills:
 - Level 4.1 Fighting
 * Level 9.1 Axes
 - Level 2.8 Armour
 - Level 2.4 Dodging


You had 5 spell levels left.
You didn't know any spells.
Your spell library contained the following spells:

 Spells                   Type           Power      Damage    Failure   Level
 Dazzling Flash           Conj/Hex       0%         N/A       99%         3
 Volatile Blastmotes      Fire/Tloc      0%         2d10      99%         3
 Starburst                Conj/Fire      0%         6d3       100%        6
 Maxwell's Capacitive Co  Air            0%         ∞         100%        8


Dungeon Overview and Level Annotations

Branches:
Dungeon (4/15)
 Temple: D:4-7

Altars:
Sif Muna

Shops:
D:1 !   D:3 (   D:4 (==


Innate Abilities, Weirdness & Mutations

You have a pair of horns on your head.
You reflexively headbutt those who attack you in melee.


Message History

The slug dart misses you.
You closely miss the quokka. You barely miss the phantom. The phantom hits you.
* * * LOW HITPOINT WARNING * * *
The quokka closely misses you.
You slash the quokka!
You kill the quokka!
Trog accepts your kill.
You miss the phantom. The phantom barely misses you. You furiously retaliate!
You headbutt the phantom!
You destroy the phantom!
Trog accepts your kill.
Your Axes skill increases to level 9!
The dart slug bites you but does no damage.
Found 18 gold pieces.
The dart slug bites you but does no damage.
You slash the dart slug!
You kill the dart slug!
Trog accepts your kill.
The iguana bites you but does no damage.
You see here a dart slug corpse.
You slash the iguana!
The iguana is heavily wounded.
The iguana bites you.
* * * LOW HITPOINT WARNING * * *
You slash the iguana!
The iguana is almost dead.
You hit the hobgoblin.
You kill the hobgoblin!
Trog accepts your kill.
You barely miss the iguana.
The iguana is almost dead.
The iguana bites you.
* * * LOW HITPOINT WARNING * * *
You barely miss the iguana.
You headbutt the iguana, but do no damage.
The iguana is almost dead.
You hit the sleepcap. The iguana bites you.
* * * LOW HITPOINT WARNING * * *
The sleepcap releases spores at you!
You die...

######### ### ####
#.....$.# ##.###...
#......# ##..##'.8.
#......###'##..#...
#.@..##..§#..#.#...
#.lf#$#.§.#.###'.8.
#...###...+##..#...
#.##......##...#...
##$#......#...#+.8.
##......+..# #...
########## ####


You could see a sleepcap and an iguana.

Vanquished Creatures
  A phantom (D:4)
  A centaur (D:4)
  A scorpion (D:3)
  2 hounds (D:4)
  An orc priest (D:4)
  Ijyb (D:3)
  3 gnolls (D:3)
  3 adders
  5 dart slugs
  12 orcs
  4 bats
  9 endoplasms
  6 giant cockroaches
  10 goblins
  9 hobgoblins
  4 jackals (D:3)
  5 kobolds
  4 quokkas
  9 ball pythons
  4 frilled lizards
  7 rats
101 creatures vanquished.

Notes
Turn   | Place    | Note
-------+----------+-------------------------------------------
     0 | D:1      | Teniq the Minotaur Berserker began the quest for the Orb.
     0 | D:1      | Reached XP level 1. HP: 19/19 MP: 0/0
    33 | D:1      | Found Kawir's Distillery.
    53 | D:1      | Reached skill level 4 in Axes
    53 | D:1      | Reached XP level 2. HP: 27/27 MP: 1/1
   600 | D:2      | Reached XP level 3. HP: 21/33 MP: 2/2
   655 | D:2      | Reached ** piety under Trog
   818 | D:2      | Reached skill level 5 in Axes
  1327 | D:3      | Reached XP level 4. HP: 40/40 MP: 3/3
  1336 | D:3      | Identified the +2 scale mail of the Other Side {Stlth+}
  1437 | D:3      | Noticed a scorpion
  1445 | D:3      | Killed a scorpion
  1446 | D:3      | Reached skill level 6 in Axes
  1446 | D:3      | Reached XP level 5. HP: 22/46 MP: 4/4
  1663 | D:3      | Found Waqepreid's Antique Weapon Shoppe.
  1675 | D:3      | Noticed Ijyb
  1688 | D:3      | Killed Ijyb
  1689 | D:3      | Reached skill level 7 in Axes
  2139 | D:3      | Found a shimmering blue altar of Sif Muna.
  2281 | D:3      | Reached *** piety under Trog
  2523 | D:4      | Found Odump's Jewellery Shoppe.
  2527 | D:4      | Found Wuje Duc's Jewellery Emporium.
  2553 | D:4      | Noticed a centaur
  2570 | D:4      | Killed a centaur
  2571 | D:4      | Reached skill level 8 in Axes
  2571 | D:4      | Reached XP level 6. HP: 22/52 MP: 2/5
  2645 | D:4      | Identified the +2 helmet of Least Resistance {+Blink rC-
                  | Regen+ Int-2}
  2657 | D:4      | Found Girgh's Antique Weapon Boutique.
  2819 | D:4      | Reached skill level 9 in Axes
  2826 | D:4      | Slain by a sleepcap

Illustrated notes

Levels and vault maps discovered:
D:1:      minmay_arrival_solitary_statue, layout_rooms, serial_shops, shop
D:2:      layout_rooms, minmay_indecisive_spiral
D:3:      layout_basic, mainiacjoe_overflow_six_doors_small, serial_shops, shop,
          serial_aquarium, aquarium_bridge_square [aquarium_subvault_bridge,
          aquarium_subvault_window, aquarium_subvault_bridge,
          aquarium_subvault_bridge], aquarium_bridge_square
          [aquarium_subvault_bridge, aquarium_subvault_balcony,
          aquarium_subvault_window, aquarium_subvault_window],
          aquarium_window_1, aquarium_window_1, aquarium_window_fake,
          aquarium_view_2d, aquarium_view_2a, uniq_ijyb
D:4:      minmay_chambers_of_threes, layout_loops_cross, amcnicky_altar_gilded,
          serial_shops, nicolae_shop_tiny_glass, shop, shop, shop

Skill      XL: |  1  2  3  4  5  6 |
---------------+-------------------+-----
Axes           | 4 5 6 8 9 |  9.1
Fighting       | 4 |  4.1
Armour         | |  2.8
Dodging        | |  2.4

Action                     |  1- 3 |  4- 6 || total
---------------------------+-------+-------++-------
  Melee: Hand axe          |    85 |   134 ||   219
         Headbutt          |    16 |    14 ||    30
         Punch             |       |     2 ||     2
 Invoke: Berserk           |     1 |       ||     1
    Use: Potion            |       |     1 ||     1
 Armour: Animal skin       |    55 |     4 ||    59
         Scale mail        |       |   120 ||   120
  Dodge: Dodged            |    54 |    84 ||   138

Table legend: (Time is in decaauts)
 A = Elapsed time spent in this place.
 B = Non-inter-level travel time spent in this place.
 C = Inter-level travel time spent in this place.
 D = Time resting spent in this place.
 E = Time spent auto-exploring this place.
 F = Levels seen in this place.
 G = Mean time per level.
                   A        B        C        D        E       F      G
               +--------+--------+--------+--------+--------+-----+--------+
         Total |   2840 |   2206 |    634 |    100 |   1184 |   4 |  710.0 |
       Dungeon |   2840 |   2206 |    634 |    100 |   1184 |   4 |  710.0 |
               +--------+--------+--------+--------+--------+-----+--------+

Top non-repeatable levels by time:
     D:3: 1201 daAuts
     D:2: 734 daAuts
     D:1: 577 daAuts
     D:4: 327 daAuts
